 Dungeon Crawl Stone Soup version 0.31-a0-165-g3f4f80340b (webtiles) character file.

Game seed: 15068146946391935049

102 qw the Shooter (level 4, -5/28 HPs)
             Began as a Gargoyle Hunter on June 13, 2023.
             Killed by divine providence
             ... invoked by an orc priest
              (13 damage)
             ... on level 3 of the Dungeon.
             The game lasted 00:00:46 (1710 turns).

qw the Shooter (Gargoyle Hunter)                    Turns: 1710, Time: 00:00:47

Health: -5/28      AC:  9    Str: 15    XL:     4   Next: 77%
Magic:  4/4        EV: 11    Int:  9    God:
Gold:   76         SH:  0    Dex: 15    Spells: 3/3 levels left

rFire   . . .        Y - +2 shortbow
rCold   . . .        (shield currently unavailable)
rNeg    + . .        i - +0 ring mail
rPois   inf          (no helmet)
rElec   +            (no cloak)
rCorr   .            (no gloves)
SInv    .            (no boots)
Will    .....        (no amulet)
Stlth   +            (no ring)
HPRegen 0.24/turn    (no ring)
MPRegen 0.09/turn

%: no passive effects
@: no status effects
A: sickness immunity, AC +3, negative energy resistance 1, electricity
resistance, torment resistance 1, petrification resistance
a: no special abilities


You were on level 3 of the Dungeon.
You visited 1 branch of the dungeon, and saw 3 of its levels.

You collected 76 gold pieces.


Innate Abilities, Weirdness & Mutations

You are immune to sickness and miasma.
Your stone body is resilient. (AC +3)
You are immune to poison.
You resist negative energy. (rN+)
You are resistant to electric shocks. (rElec)
You are resistant to unholy torment.
You are immune to petrification.


   Skills:
 - Level 3.0 Fighting
 + Level 5.2 Ranged Weapons
 - Level 1.9 Armour
 - Level 1.5 Dodging
 - Level 1.1 Stealth


You had 3 spell levels left.
You didn't know any spells.
Your spell library was empty.

Inventory:

Hand Weapons
 Y - a +2 shortbow (weapon)
Armour
 c - a +4 ring mail
 i - a +0 ring mail (worn)
Scrolls
 a - a scroll of identify
 f - a scroll of enchant armour {unknown}
 m - a scroll of poison {unknown}
Potions
 b - a potion of magic {unknown}
 e - a potion of might {unknown}
 g - a potion of attraction {unknown}
 h - 2 potions of haste {unknown}
 j - a potion of mutation {unknown}
 k - a potion of brilliance {unknown}
 l - a potion of cancellation {unknown}
 n - a potion of curing {unknown}
 o - a potion of berserk rage {unknown}

Dungeon Overview and Level Annotations

Branches:
Dungeon (3/15)

Altars:

Shops:
D:1 =   D:2 (


Message History

The arrow hits the orc priest but does no damage.
The orc priest is almost dead.
The orc priest barely misses you. The orc hits you but does no damage.
The orc priest casts a cantrip, but nothing happens.
You shoot an arrow. The arrow barely misses the orc priest.
The arrow hits Jessica.
Jessica is heavily wounded.
The orc priest closely misses you. The orc hits you but does no damage.
The orc priest hits you but does no damage.
The orc priest invokes the aid of Beogh against you.
Beogh smites you!
The orc priest hits you but does no damage.
The orc closely misses you.
You shoot an arrow.
The arrow hits the orc priest but does no damage.
The orc priest is almost dead.
The orc priest hits you but does no damage.
The orc hits you but does no damage. The orc priest closely misses you.
Jessica mumbles some strange words.
Jessica blinks!
You shoot an arrow.
The arrow hits the orc priest but does no damage.
The orc priest is almost dead.
The orc priest closely misses you. The orc closely misses you.
The orc priest hits you but does no damage.
You shoot an arrow.
The arrow hits the orc priest but does no damage.
The orc priest is almost dead.
The orc priest begins to cast a cantrip, but forgets the words!
The orc hits you but does no damage.
The orc priest hits you but does no damage.
You shoot an arrow.
The arrow closely misses the orc priest.
The arrow hits Jessica!
You kill Jessica!
The orc priest invokes the aid of Beogh against you.
Pain shoots through your body!
The orc priest calls down the wrath of Beogh upon you.
Beogh smites you!
You die...

#....####
##......
#.##..:.#
#..#####
#...###.## #.##
###)###..## #%#
#..###..###.#
#####
##.####.##..# #
.....###..#
#.##.## ##
#.oo##.# #.##.#
#.
#o@#.###.##.#
#.
##o#..##.##.#
#. #
#).#.##..#.# #.
#.####
##........:#
##. . ..#
###.##..### #..
# (.###
#.#..)..# ##.#
###....#
#.#.#...####..#
...#
#.#>###......#.
##.# ##...#
#.##...).


You could see 2 orc priests and 2 orcs.

Vanquished Creatures
  Jessica (D:3)
  Terence (D:2)
  An adder (D:3)
  A worm (D:3)
  3 orcs (D:3)
  2 ball pythons
  4 bats
  7 endoplasms
  3 giant cockroaches
  7 goblins
  4 hobgoblins
  9 jackals
  4 kobolds
  A quokka (D:1)
  4 frilled lizards
  2 rats
54 creatures vanquished.

Notes
Turn   | Place    | Note
-------+----------+-------------------------------------------
     0 | D:1      | qw the Gargoyle Hunter began the quest for the Orb.
     0 | D:1      | Reached XP level 1. HP: 12/12 MP: 1/1
     0 | D:1      | 0 ||| qw: Version: 0.2-a-29-gc1b59c4
     0 | D:1      | 0 ||| qw: Game counter: 4746
     0 | D:1      | 0 ||| qw: Always use a shield: true
     0 | D:1      | 0 ||| qw: God list: Okawaru
     0 | D:1      | 0 ||| qw: Allow faded altars: false
     0 | D:1      | 0 ||| qw: Do Orc after D:15 true
     0 | D:1      | 0 ||| qw: Do second Lair branch before Depths: true
     0 | D:1      | 0 ||| qw: Lair rune preference: random
     0 | D:1      | 0 ||| qw: Plans: Normal, Zot:1-4, Slime:5, God:TSO, Crypt,
                  | Tomb, Abyss, Pan, Hells, Win
     0 | D:1      | 0 ||| PLANNING D:1-11
    62 | D:1      | Reached XP level 2. HP: 17/17 MP: 2/2
   151 | D:1      | Found a faded altar of an unknown god.
   274 | D:1      | Found Kuem's Jewellery Emporium.
   282 | D:1      | 282 ||| SHOPLISTING +5 ring of evasion (432 gold, have 37).
   282 | D:1      | 282 ||| SHOPLISTING +6 ring of strength (432 gold, have
                  | 37).
   282 | D:1      | 282 ||| SHOPLISTING amulet of regeneration (360 gold, have
                  | 37).
   282 | D:1      | 282 ||| SHOPLISTING amulet of the acrobat (360 gold, have
                  | 37).
   282 | D:1      | 282 ||| SHOPLISTING ring of ice (300 gold, have 37).
   282 | D:1      | 282 ||| SHOPLISTING ring of see invisible (180 gold, have
                  | 37).
   298 | D:1      | Reached XP level 3. HP: 20/21 MP: 3/3
   300 | D:1      | Reached skill level 5 in Ranged Weapons
   668 | D:1      | 668 ||| DROPPING scarf of invisibility.
   669 | D:1      | 669 ||| UPGRADING to +0 ring mail.
   679 | D:1      | 679 ||| DROPPING +0 leather armour.
   680 | D:1      | 680 ||| READING 2 scrolls labelled PEDENA AFOIJ.
   681 | D:1      | 681 ||| DRINKING 2 cyan potions.
   682 | D:1      | 682 ||| DROPPING scroll of butterflies.
   729 | D:2      | Noticed Terence
   738 | D:2      | Killed Terence
   739 | D:2      | Reached skill level 1 in Armour
   739 | D:2      | Reached XP level 4. HP: 24/27 MP: 4/4
  1010 | D:2      | Found Hurrat's Weapon Shop.
  1455 | D:2      | 1455 ||| READING 2 scrolls labelled RIYMEI IPECETT.
  1456 | D:2      | 1456 ||| READING scroll of enchant weapon.
  1456 | D:2      | 1456 ||| ENCHANTING +1 shortbow.
  1457 | D:2      | 1457 ||| READING scroll labelled HASKUICEDGHE.
  1460 | D:2      | 1460 ||| READING scroll labelled IRCHOU VIFFOUPN.
  1461 | D:2      | 1461 ||| READING scroll labelled HIOPHO CAKUXT.
  1487 | D:3      | Reached skill level 3 in Fighting
  1692 | D:3      | Noticed Jessica
  1700 | D:3      | HP: 6/28 [orc priest/+0 short sword (3)]
  1701 | D:3      | 1701 ||| DRINKING potion of heal wounds.
  1710 | D:3      | Killed Jessica
  1710 | D:3      | Killed from afar by an orc priest

Levels and vault maps discovered:
D:1:      dpeg_arrival_radiant, layout_basic, serial_shops,
          nicolae_shop_waterfront, hellmonk_ecumenical_altar_dog_temple
D:2:      layout_loops_cross, serial_shops, shop, minmay_fountain_box,
          roderic_serpentine_path, uniq_terence
D:3:      layout_rooms, mainiacjoe_overflow_alcove_2, uniq_jessica

Skill      XL: |  1  2  3  4 |
---------------+-------------+-----
Ranged Weapons | 5 |  5.2
Armour         | 1 |  1.9
Fighting       | 3 |  3.0
Dodging        | |  1.5
Stealth        | |  1.1

Action                     |  1- 3 |  4- 6 || total
---------------------------+-------+-------++-------
   Fire: Shortbow          |    76 |   113 ||   189
    Use: Scroll            |     1 |     5 ||     6
         Potion            |     1 |     1 ||     2
 Armour: Leather armour    |     5 |       ||     5
         Ring mail         |     2 |    57 ||    59
  Dodge: Dodged            |    19 |    67 ||    86

Table legend:
 A = Non-vault XP
 B = Vault XP
 C = Vault XP percentage of total XP
 D = Non-vault monster count
 E = Vault monster count
 F = Vault count percentage of total count
                 A         B        C        D         E       F
            +---------+---------+-------+---------+---------+-------
      Total |     106 |      77 |  42.1 |      50 |       4 |   7.4
            +---------+---------+-------+---------+---------+-------
        D:1 |      45 |       4 |   8.2 |      26 |       2 |   7.1
        D:2 |      16 |      36 |  69.2 |       8 |       1 |  11.1
        D:3 |      45 |      37 |  45.1 |      16 |       1 |   5.9
            +---------+---------+-------+---------+---------+-------
